AoeStats
← ertespronzee

Black Forest

510860368Analyzed
2v2 RM · 19h ago on Oct 2, 2026· 90m 51s· 4 players
Game mode
Random Map
Map size
Medium (4 player)
Population
200
Speed
Normal
Resources
Standard
Victory
Conquest
Starting age
Dark Age
Ending age
Imperial Age
RankedLock teamsTeams togetherTeam positionsShared explorationLock speedFull tech treeHidden civsTurbo modeCheats
Victory
Defeat
🇪🇸 Mongols · Spain
691
+18
🇺🇸 Bohemians · United States
687
+19
🇧🇷 Byzantines · Brazil
767
-20
🇧🇷 Persians · Brazil
718
-17
SharkScooper
0:28 Loom
13:50 Feudal Age
14:32 Horse Collar
14:41 Double-Bit Axe
15:36 Wheelbarrow
23:06 Castle Age
20:54 Town Watch
21:33 Stone Mining
22:59 Gold Mining
24:05 Hand Cart
23:55 Heavy Plow
24:09 Bow Saw
24:52 Gold Shaft Mining
25:27 Stone Shaft Mining
28:44 Fervor
31:33 Imperial Age
29:44 Fletching
32:29 Crop Rotation
33:06 Two-Man Saw
32:21 Citadels
32:56 Kamandaran
34:37 Masonry
34:48 Ballistics
34:23 Pikeman
35:03 Squires
35:15 Arson
36:21 Cavalier
36:39 Sappers
37:33 Conscription
38:04 Husbandry
38:15 Bloodlines
38:29 Murder Holes
39:15 Scale Barding Armor
39:16 Scale Mail Armor
40:05 Architecture
39:02 Crossbowman
39:56 Bodkin Arrow
41:08 Hoardings
40:49 Forging
40:41 Padded Archer Armor
40:28 Light Cavalry
42:52 Chemistry
42:23 Chain Barding Armor
42:25 Chain Mail Armor
43:11 Leather Archer Armor
43:53 Thumb Ring
45:08 Plate Mail Armor
46:18 Plate Barding Armor
70:59 Ring Archer Armor
74:36 Guilds
74:31 Caravan
74:05 Halberdier
75:26 Herbal Medicine
®[lobatera]
0:27 Loom
12:37 Feudal Age
15:01 Horse Collar
15:09 Double-Bit Axe
21:05 Castle Age
20:20 Gold Mining
20:21 Stone Mining
21:53 Heavy Plow
22:09 Bow Saw
24:13 Stone Shaft Mining
25:28 Gold Shaft Mining
34:28 Imperial Age
33:08 Padded Archer Armor
32:59 Fletching
33:19 Forging
33:32 Pikeman
34:14 Squires
34:17 Greek Fire
36:34 Chemistry
36:40 Two-Man Saw
36:20 Crop Rotation
36:49 Wheelbarrow
35:39 Elite Skirmisher
36:07 Arson
35:44 Halberdier
38:25 Hand Cart
38:10 Bodkin Arrow
38:30 Leather Archer Armor
38:51 Iron Casting
38:17 Scale Mail Armor
38:22 Scale Barding Armor
39:11 Onager
43:08 Elite Cataphract
44:24 Hoardings
47:33 Light Cavalry
48:34 Chain Mail Armor
48:40 Chain Barding Armor
48:50 Ring Archer Armor
48:21 Bracer
52:02 Hussar
74:36 Capped Ram
grr
10:28 Feudal Age
11:00 Double-Bit Axe
10:57 Horse Collar
21:44 Castle Age
20:27 Gold Mining
21:17 Stone Mining
21:23 Fletching
23:28 Bow Saw
23:55 Gold Shaft Mining
23:09 Crossbowman
26:40 Thumb Ring
26:34 Bodkin Arrow
27:03 Padded Archer Armor
31:05 Ballistics
32:36 Wheelbarrow
31:47 Town Watch
31:48 Loom
33:20 Town Patrol
35:12 Hand Cart
35:29 Hand Cart
38:06 Imperial Age
35:52 Heavy Plow
36:20 Bloodlines
37:21 Stone Shaft Mining
37:39 Caravan
37:36 Light Cavalry
38:24 Scale Barding Armor
38:34 Forging
40:09 Chemistry
40:07 Conscription
40:11 Drill
40:10 Siege Engineers
40:55 Bracer
41:44 Hussar
42:48 Chain Barding Armor
43:05 Iron Casting
44:04 Coinage
43:10 Arbalester
44:10 Husbandry
47:35 Blast Furnace
46:12 Capped Ram
48:56 Leather Archer Armor
49:02 Siege Ram
60:34 Nomads
ertespronzee
13:12 Feudal Age
14:47 Wheelbarrow
14:35 Double-Bit Axe
18:54 Horse Collar
19:18 Town Watch
22:00 Castle Age
23:42 Hand Cart
23:41 Bow Saw
24:05 Heavy Plow
27:09 Chemistry
28:11 Murder Holes
30:56 Imperial Age
29:28 Masonry
31:19 Town Patrol
32:18 Conscription
33:33 Wagenburg Tactics
40:32 Two-Man Saw
41:28 Elite Hussite Wagon
43:31 Architecture
43:23 Ballistics
43:38 Architecture
72:01 Scale Barding Armor
72:07 Forging
72:05 Husbandry
71:33 Light Cavalry
74:19 Iron Casting
85:42 Chain Barding Armor
86:23 Blast Furnace
Connection lost

Rejoining the realm…

Still unreachable

The connection could not be restored.

Session expired

The server has moved on; the page needs a fresh start.